 Dungeon Crawl Stone Soup version 0.29.1-15-g9cfb28693d (webtiles) character file.

Game seed: 16100620876292820139

12 venomsnake the Covered (level 2, -5/24 HPs)
             Began as a Human Fighter on Mar 24, 2023.
             Slain by Terence
             ... wielding a +0 falchion
              (7 damage)
             ... on level 1 of the Dungeon.
             The game lasted 00:02:40 (849 turns).

venomsnake the Covered (Human Fighter)               Turns: 849, Time: 00:02:41

Health: -5/24      AC:  6    Str: 16    XL:     2   Next: 45%
Magic:  2/2        EV:  8    Int:  8    God:
Gold:   55         SH:  4    Dex: 12    Spells: 1/1 levels left

rFire   . . .      SeeInvis .   a - +0 rapier
rCold   . . .      Faith    .   c - +0 buckler
rNeg    + . .      Spirit   .   b - +0 scale mail
rPois   .          Reflect  .   (no helmet)
rElec   .          Harm     .   (no cloak)
rCorr   +          Rampage  .   (no gloves)
Will    .....                   (no boots)
Stlth   ..........              i - amulet of magic regeneration
HPRegen 0.08/turn               f - ring of positive energy
MPRegen 0.48/turn               j - ring of resist corrosion

@: no status effects
A: no striking features
a: no special abilities


You were on level 1 of the Dungeon.
You visited 1 branch of the dungeon, and saw 2 of its levels.

You collected 55 gold pieces.

Inventory:

Hand Weapons
 a - a +0 rapier (weapon)
Missiles
 h - 11 stones (quivered)
Armour
 b - a +0 scale mail (worn)
 c - a +0 buckler (worn)
Jewellery
 f - a ring of positive energy (left hand)
 i - an amulet of magic regeneration (around neck)
 j - a ring of resist corrosion (right hand)
Scrolls
 e - a scroll of enchant armour {unknown}
 g - a scroll of poison {unknown}
 k - a scroll of fear {unknown}
 l - 2 scrolls of identify {unknown}
 m - a scroll of immolation {unknown}
Potions
 d - a potion of might


   Skills:
 + Level 3.1 Fighting
 + Level 2.2 Short Blades
 + Level 3.1 Armour
 + Level 3.1 Shields


You had one spell level left.
You didn't know any spells.
Your spell library was empty.

Dungeon Overview and Level Annotations

Branches:
Dungeon (2/15)

Altars:

Annotations:
D:1 Terence


Message History

Terence closely misses you.
You hit Terence but do no damage.
Terence is lightly wounded.
Terence completely misses you. You block Terence's attack.
You closely miss Terence.
Terence is lightly wounded.
You block Terence's attack. Terence says, "How do you enjoy it?"
Terence hits you with a +0 falchion.
You climb upwards.
There is a stone staircase leading down here.
You hit Terence.
Terence is moderately wounded.
Terence hits you with a +0 falchion.
* * * LOW HITPOINT WARNING * * *
You barely miss Terence.
Terence is moderately wounded.
You block Terence's attack.
You hit Terence but do no damage.
Terence is moderately wounded.
Terence closely misses you.
You barely miss Terence.
Terence is moderately wounded.
Terence barely misses you.
You barely miss Terence.
Terence is moderately wounded.
Terence closely misses you.
You hit Terence.
Terence is moderately wounded.
Terence says, "Don't bother to defend, it's senseless."
Terence barely misses you.
Sorry, you're not good enough to have a special ability.
You hit Terence but do no damage.
Terence is moderately wounded.
Terence hits you with a +0 falchion.
* * * LOW HITPOINT WARNING * * *
You barely miss Terence.
Terence is moderately wounded.
Terence hits you with a +0 falchion!
You die...

##.# #.###....#.###
.#.# ##.#.#...#..#♣
#..#
##########.##.###..#Y
.###
#..........##...#.##♣
###
#.#...###########.'..
..# #.#...### #.#.'.<
..###
#.......#######.#.##♣
....#
#...@...........#..#S
..#.#
#...@...#######.#..#♣
..#.#########.#...###
#.#.##
###........##.#...#
###.### #
########.##.##.##
#.... ## #.##.##.#
##### .#####
#.##.##.# .#.'.#
#)##.##.# .#.#.#
#.##.##.# P..#.#
#.##.##.##


You could see Terence.

Vanquished Creatures
  2 endoplasms (D:1)
  2 goblins (D:1)
  4 kobolds (D:1)
  A ball python (D:2)
  2 bats (D:1)
  A frilled lizard (D:1)
12 creatures vanquished.

Notes
Turn   | Place    | Note
-------+----------+-------------------------------------------
     0 | D:1      | venomsnake the Human Fighter began the quest for the Orb.
     0 | D:1      | Reached XP level 1. HP: 18/18 MP: 1/1
     4 | D:1      | Noticed a black mamba
     7 | D:1      | Noticed a death yak
   153 | D:1      | Found a faded altar of an unknown god.
   274 | D:1      | Reached XP level 2. HP: 24/24 MP: 2/2
   828 | D:2      | Noticed Terence
   849 | D:1      | Slain by Terence

Illustrated notes

Levels and vault maps discovered:
D:1:      sevenhm_arrival_forest_fort_small_2, layout_loops_ring,
          shapermc_ecumenical_altar_ellora
D:2:      layout_basic, uniq_terence

Action                   || total
-------------------------++-------
Melee: Rapier            ||    48
Armor: Scale mail        ||    15
Dodge: Dodged            ||    27
Block: Buckler           ||    10
